 Dungeon Crawl Stone Soup version 0.14-a0-2432-g6b3afca (webtiles) character file.

6055 BluebellGnoll the Grappler (level 10, 0/90 HPs)
             Began as a Minotaur Monk on Feb 4, 2014.
             Was an Elder of Okawaru.
             Slain by a blink frog (4 damage)
             ... on Level 2 of the Lair of Beasts.
             The game lasted 00:52:03 (9878 turns).

BluebellGnoll the Grappler (Minotaur Monk)          Turns: 9878, Time: 00:52:03

HP   0/90        AC 21     Str 19      XL: 10   Next: 52%
MP  13/13        EV  5     Int  7      God: Okawaru [****..]
Gold 199         SH  0     Dex 13      Spells:  0 memorised,  9 levels left

rFire  + . .     SeeInvis .       - Unarmed
rCold  . . .     Clarity  +     t - +0 orc plate armour
rNeg   . . .     Conserve .     (no shield)
rPois  .         rCorr    .     e - +2 hat
rElec  .         rRot     .     G - +2 cloak {MR+}
SustAb . .       Spirit   .     (no gloves)
rMut   .         Warding  .     i - +2 pair of elf boots
Saprov . . .     Stasis   .     A - amulet of clarity
MR     +....                    (no ring)
                                a - ring of protection from fire

@: somewhat resistant to hostile enchantments, extremely unstealthy
A: retaliatory headbutt, horns 2
a: Heroism, Renounce Religion


You were on level 2 of the Lair of Beasts.
You worshipped Okawaru.
Okawaru was greatly pleased with you.
You were hungry.

You visited 3 branches of the dungeon, and saw 11 of its levels.

You collected 491 gold pieces.
You spent 292 gold pieces at shops.

Inventory:

Hand weapons
 s - a +4,+4 quarterstaff of chaos
 y - a +2 blowgun
Missiles
 N - 11 needles of slowing
Armour
 e - a +2 hat (worn)
 i - a +2 pair of elven boots (worn)
 t - a +0 orcish plate armour (worn)
 G - a +2 cloak of magic resistance (worn)
Magical devices
 p - a wand of invisibility (5)
 B - a wand of disintegration (10)
Comestibles
 b - 7 bread rations
 k - a meat ration
 r - an apple
 z - 4 strawberries
 Q - 7 bananas
Scrolls
 g - 3 scrolls of remove curse
 h - a scroll of enchant armour
 j - 3 scrolls of immolation
 n - a scroll of fear
 q - 2 scrolls of fog
 v - a scroll of teleportation {unknown}
 w - a scroll of amnesia
 E - 4 scrolls of identify
 J - a scroll of blinking
Jewellery
 a - a ring of protection from fire (left hand)
 d - an uncursed ring of fire
 o - an uncursed ring of teleportation
 A - an amulet of clarity (around neck)
 C - an uncursed ring of ice
Potions
 c - a potion of magic {unknown}
 f - a potion of speed
 l - a potion of mutation {unknown}
 m - a potion of flight {unknown}
 u - a potion of lignification
 x - a potion of heal wounds
 D - 3 potions of curing
 F - a potion of berserk rage
 H - a potion of agility
 I - a potion of might
Books
 K - a book of Ice

   Spells                             Type                      Level
   Freezing Aura                      Charms/Ice                   2
   Ensorcelled Hibernation            Hexes/Ice                    2
   Ozocubu's Refrigeration            Ice                          6
   Bolt of Cold                       Conjuration/Ice              6
   Freezing Cloud                     Conjuration/Ice/Air          6
   Metabolic Englaciation             Hexes/Ice                    6
   Simulacrum                         Ice/Necromancy               6
 P - a book of Unlife

   Spells                             Type                      Level
   Recall                             Summoning/Translocation      3
   Animate Dead                       Necromancy                   4
   Control Undead                     Necromancy                   4
   Twisted Resurrection               Necromancy                   5
   Death Channel                      Necromancy                   6
   Simulacrum                         Ice/Necromancy               6


   Skills:
 + Level 8.5 Fighting
 - Level 6.3 Armour
 - Level 7.4 Dodging
 - Level 1.5 Stealth
 - Level 12.2 Unarmed Combat
 - Level 5.3 Invocations


You had 9 spell levels left.
You didn't know any spells.

Dungeon Overview and Level Annotations

Branches:
Dungeon (8/16)             Temple (1/1) D:4            Lair (2/8) D:8

Altars:
Ashenzari
Cheibriados
Dithmengos
Elyvilon
Fedhas
Kikubaaqudgha
Makhleb
Nemelex Xobeh
Okawaru
Sif Muna
Trog
Vehumet
Xom
Yredelemnul
Zin
The Shining One

Shops:
D:6 **!   D:8 [


Innate Abilities, Weirdness & Mutations

You reflexively headbutt those who attack you in melee.
You have a pair of horns on your head.


Message History

* * * LOW HITPOINT WARNING * * *
You miss the blink frog.
The blink frog is heavily wounded.
The blink frog hits you but does no damage.
The blink frog momentarily phases out as your attack passes through it.
The blink frog is heavily wounded.
The blink frog blinks!
You miss the blink frog.
The blink frog is moderately wounded.
The blink frog hits you.
* * * LOW HITPOINT WARNING * * *
You hit the blink frog.
The blink frog is heavily wounded.
The blink frog hits you!
* * * LOW HITPOINT WARNING * * *
You hit the blink frog.
Your headbutt passes through the blink frog as it momentarily phases out.
The blink frog is heavily wounded.
The blink frog hits you.
You die...

#### #.f## ##### ##...### #@#P##
###....#.## ##F..# .###...<..#
#...## .# #......# #....######
.###......#######.....%##.#####
.##......#..#..P......P.......###
#...............................#
.....................#..........#
................................#


You could see a blink frog.

Vanquished Creatures
  The ghost of BlessedChild the Thaumaturge, an experienced OpWz of Vehumet (Lair:1)
  2 spiny frogs
  2 blink frogs (Lair:2)
  A hippogriff (Lair:2)
  5 wolves (Lair:1)
  3 porcupines
  A necrophage (D:7)
  The ghost of timbw the Chopper, an average VSFi (D:5)
  An ice beast (D:8)
  A sky beast (D:8)
  4 ogres
  3 orc warriors
  2 centaurs
  2 crocodiles
  A giant slug (Lair:2)
  2 water moccasins
  An agate snail (Lair:2)
  A giant frog (D:7)
  4 wights (D:7)
  A vampire bat (D:3)
  5 crimson imps
  The ghost of timbw the Chopper, a weakling VSFi (D:4)
  2 hounds (D:4)
  Crazy Yiuf (D:6)
  4 iguanas
  2 orc priests
  7 orc wizards
  4 scorpions
  3 worker ants
  2 sky beast zombies
  Ijyb (D:2)
  2 ogre skeletons
  Terence (D:2)
  A hound skeleton (D:5)
  8 adders
  A worker ant zombie (D:7)
  A giant centipede (Lair:1)
  3 green rats (D:8)
  An orc skeleton (D:5)
  3 giant mites
  3 inept feature mimics
  3 worms
  2 adder zombies (D:8)
  2 giant eyeballs
  3 giant geckos (D:5)
  An ooze (D:5)
  24 orcs
  A ball python (D:4)
  5 bat skeletons (D:3)
  3 bat zombies (D:3)
  7 giant cockroaches
  12 goblins
  14 hobgoblins
  17 jackals
  21 bats
  4 giant newts
  A giant spore (D:8)
  11 kobolds
  A kobold zombie (D:5)
  6 quokkas
  16 rats
  A ballistomycete (D:8)
  A plant (D:4)
251 creatures vanquished.

Vanquished Creatures (others)
  A bush (Lair:1)
  A fungus (D:8)
2 creatures vanquished.

Grand Total: 253 creatures vanquished

Notes
Turn   | Place    | Note
--------------------------------------------------------------
     0 | D:1      | BluebellGnoll, the Minotaur Monk, began the quest for the Orb.
     0 | D:1      | Reached XP level 1. HP: 19/19 MP: 1/1
   318 | D:1      | Reached XP level 2. HP: 23/26 MP: 1/1
   326 | D:1      | Reached skill level 5 in Unarmed Combat
   770 | D:2      | Reached XP level 3. HP: 31/31 MP: 2/2
   878 | D:2      | Noticed Terence
   889 | D:2      | Killed Terence
  1179 | D:2      | Reached skill level 6 in Unarmed Combat
  1412 | D:2      | Noticed Ijyb
  1429 | D:2      | Killed Ijyb
  1429 | D:2      | Reached XP level 4. HP: 33/39 MP: 2/2
  1609 | D:3      | Found a bloodstained altar of Trog.
  1609 | D:3      | Found a glowing silver altar of Zin.
  1834 | D:3      | Found an ancient bone altar of Kikubaaqudgha.
  1838 | D:3      | Reached skill level 7 in Unarmed Combat
  1838 | D:3      | Reached XP level 5. HP: 41/45 MP: 2/2
  1900 | D:3      | Found a sparkling altar of Nemelex Xobeh.
  2597 | D:4      | Reached skill level 5 in Fighting
  2617 | D:4      | Found a staircase to the Ecumenical Temple.
  2625 | Temple   | Entered the Ecumenical Temple
  2766 | D:4      | Reached XP level 6. HP: 56/56 MP: 3/3
  3104 | D:4      | Noticed timbw's ghost (weakling VSFi)
  3115 | D:4      | Killed timbw's ghost
  3533 | D:5      | Entered Level 5 of the Dungeon
  3661 | D:5      | Reached XP level 7. HP: 20/66 MP: 3/3
  3895 | D:5      | Reached skill level 8 in Fighting
  4073 | D:5      | Noticed timbw's ghost (average VSFi)
  4110 | D:5      | Killed timbw's ghost
  4155 | D:5      | Reached skill level 5 in Dodging
  4398 | D:5      | Reached XP level 8. HP: 71/75 MP: 3/3
  5250 | D:6      | Found Nyase's General Store.
  5253 | D:6      | Bought a potion of invisibility for 66 gold pieces
  5253 | D:6      | Bought a scroll of identify for 24 gold pieces
  5261 | D:6      | Found Obaaluti's Assorted Antiques.
  5270 | D:6      | Bought a scroll labeled KAIN UHUI for 23 gold pieces
  5270 | D:6      | Bought a bubbling green potion for 20 gold pieces
  5270 | D:6      | Bought a bubbling green potion for 20 gold pieces
  5270 | D:6      | Bought a cloak for 23 gold pieces
  5592 | D:6      | Reached skill level 1 in Armour
  5827 | D:6      | Noticed Crazy Yiuf
  5831 | D:6      | Killed Crazy Yiuf
  6049 | D:6      | Found Emun's Distillery.
  6056 | D:6      | Bought a potion of berserk rage for 39 gold pieces
  6056 | D:6      | Bought a potion of agility for 32 gold pieces
  6056 | D:6      | Bought a potion of might for 32 gold pieces
  6056 | D:6      | Bought a potion of poison for 13 gold pieces
  6441 | D:7      | Paralysed by a giant eyeball for 3 turns
  6507 | D:7      | Reached skill level 5 in Armour
  7151 | D:7      | Reached XP level 9. HP: 82/82 MP: 4/4
  7509 | D:8      | Reached skill level 9 in Unarmed Combat
  7539 | D:8      | Found a staircase to the Lair.
  7786 | D:8      | Found Uhaud's Antique Armour Emporium.
  7950 | Temple   | Became a worshipper of Warmaster Okawaru
  7950 | Temple   | Acquired Okawaru's first power
  8161 | Lair:1   | Entered Level 1 of the Lair of Beasts
  8261 | Lair:1   | Reached skill level 10 in Unarmed Combat
  8271 | Lair:1   | Noticed BlessedChild's ghost (experienced OpWz)
  8288 | Lair:1   | Killed BlessedChild's ghost
  8288 | Lair:1   | Reached skill level 11 in Unarmed Combat
  8542 | Lair:1   | Noticed a spiny frog
  8554 | Lair:1   | Killed a spiny frog
  8554 | Lair:1   | Reached XP level 10. HP: 53/90 MP: 4/4
  8577 | Lair:1   | Reached skill level 12 in Unarmed Combat
  9183 | Lair:2   | Reached skill level 1 in Invocations
  9867 | Lair:2   | Reached skill level 5 in Invocations
  9877 | Lair:2   | HP: 3/90 [blink frog (7)]
  9878 | Lair:2   | Slain by a blink frog

Action                   |  1- 3 |  4- 6 |  7- 9 | 10-12 || total
-------------------------+-------+-------+-------+-------++-------
Melee: Unarmed           |   104 |   168 |   454 |   146 ||   872
Invok: Heroism           |       |       |       |     3 ||     3
Evoke: Wand              |     1 |       |     1 |       ||     2
  Use: Scroll            |       |    16 |    11 |       ||    27
       Potion            |       |       |     3 |     1 ||     4
 Stab: Invisible         |     1 |     1 |       |       ||     2
